General information
- name: grudge
- type: Custom game
- host: dirtmcwordup
- saver: Mata.
map: EchoIsles
- players: 3
- length: 06:37
- speed: Fast
- version: 1.21 W3XP
- replay type:

» download(25 KB)
Players
team 1 (winner)
Mata. (
green | 159 APM | 1056 actions | 06:37)
2 Demon Hunter
1 Mana Burn
1 Evasion
1 Naga Sea Witch
1 Frost Arrows
» actions
| Assign group hotkey | 116 | |
| Basic commands | 4 | |
| Build / train | 28 | |
| Enter build submenu | 11 | |
| Enter hero's abilities submenu | 3 | |
| Right click | 589 | |
| Select / deselect | 214 | |
| Select group hotkey | 50 | |
| Use ability | 41 | |
1056 total
» units
| Wisp | 9 | |
| Archer | 7 | |
| Druid of the Talon | 3 | |
19 total
» buildings
| Altar of Elders | 1 | |
| Moon Well | 4 | |
| Ancient of War | 1 | |
| Tree of Ages | 1 | |
| Ancient of Wind | 2 | |
9 total
» build order
00:06 Altar of Elders
00:20 Moon Well
01:02 Ancient of War
01:27 Moon Well
02:43 Tree of Ages
03:34 Moon Well
04:59 Moon Well
05:05 Ancient of Wind
05:06 Ancient of Wind
team 2 (loser)
siIver_ (
pink | 70 APM | 465 actions | 06:36)
1 Blademaster
1 Wind Walk
» actions
| Assign group hotkey | 7 | |
| Basic commands | 7 | |
| Build / train | 28 | |
| Enter build submenu | 9 | |
| Enter hero's abilities submenu | 1 | |
| Remove unit from queue | 1 | |
| Right click | 258 | |
| Select / deselect | 114 | |
| Select group hotkey | 25 | |
| Use ability | 15 | |
465 total
» units
» upgrades
» buildings
| Altar of Storms | 1 | |
| Barracks | 2 | |
| Orc Burrow | 3 | |
| War Mill | 1 | |
| Voodoo Lounge | 1 | |
8 total
» build order
00:10 Altar of Storms
00:20 Barracks
00:35 Orc Burrow
01:32 War Mill
01:52 Orc Burrow
03:37 Orc Burrow
03:53 Voodoo Lounge
05:57 Barracks
» items
| Lesser Clarity Potion | 3 | |
| Scroll of Speed | 1 | |
| Healing Salve | 1 | |
5 total
refereesdirtmcwordup Chat log
(00:06 / All) siIver_: ping is good.
(00:16 / All) Mata.: well us host
(00:16 / All) siIver_: ill lose anyway
(00:30 / All) siIver_: out of practice as i said >>
(02:22 / All) siIver_: lol -.-
(06:35 / All) siIver_: yeah, that's gg